 Dungeon Crawl Stone Soup version 0.32-a0-886-g41c5271027 (webtiles) character file.

Game seed: 16010088362555842071

1836 Revguard the Slasher (level 9, -1/67 HPs)
             Began as a Coglin Gladiator on Apr 2, 2024.
             Was a Follower of Wu Jian.
             Slain by an orc warrior
             ... wielding a +0 dire flail
              (15 damage)
             ... on level 6 of the Dungeon.
             The game lasted 00:16:46 (5925 turns).

Revguard the Slasher (Coglin Gladiator)             Turns: 5925, Time: 00:16:46

Health: -1/67      AC:  7    Str: 14    XL:     9   Next: 11%
Magic:  9/9        EV: 12    Int:  9    God:    Wu Jian [*.....]
Gold:   126        SH:  0    Dex: 19    Spells: 8/8 levels left

rFire   + . .        a - +0 long sword {Lucía}
rCold   . . .        i - +2 short sword (vamp) {Chiraphon}
rNeg    . . .        z - +0 ring mail {rF+}
rPois   .            c - +0 helmet
rElec   .            (no cloak)
rCorr   .            (no gloves)
SInv    .            (no boots)
Will    .....        (amulet unavailable)
Stlth   ++           (ring unavailable)
HPRegen 0.31/turn    (ring unavailable)
MPRegen 0.11/turn    (no gizmo)

%: no passive effects
@: revved
A: off-hand wielding, slow wielding, warmup strikes, no jewellery
a: Invent Gizmo, Renounce Religion


You were on level 6 of the Dungeon.
You worshipped Wu Jian.
Wu Jian was aware of your devotion.
You visited 2 branches of the dungeon, and saw 7 of its levels.

You collected 180 gold pieces.
You spent 54 gold pieces at shops.

Inventory:

Hand Weapons
 a - a +0 long sword (weapon) {Lucía}
 f - a +0 dagger {Chiraphon}
 h - a +0 short sword {Matia}
 i - a +2 vampiric short sword (offhand) {Chiraphon}
 y - a +1 dagger of speed {Jaspreet}
Missiles
 d - 3 throwing nets (quivered)
 e - 5 javelins
Armour
 b - a +0 leather armour
 c - a +0 helmet (worn)
 l - a +0 scale mail
 z - a +0 ring mail of fire resistance (worn)
Wands
 w - a wand of iceblast (7)
Scrolls
 m - a scroll of fear {unknown}
 n - a scroll of poison
 o - a scroll of amnesia {unknown}
Potions
 g - a potion of resistance
 j - 2 potions of haste
 k - a potion of brilliance
 p - a potion of enlightenment
 s - a potion of attraction
 t - a potion of cancellation


   Skills:
 + Level 4.8 Fighting
 * Level 6.7 Long Blades
 - Level 1.7 Throwing
 + Level 3.7 Armour
 + Level 4.6 Dodging
 + Level 3.8 Stealth
 + Level 5.4 Evocations


You had 8 spell levels left.
You didn't know any spells.
Your spell library contained the following spells:

 Spells                   Type           Power      Damage    Failure   Level
 Blink                    Tloc           0%         N/A       75%         2
 Cigotuvi's Dreadful Rot  Necr/Alch/Air  0%         N/A       75%         2
 Lesser Beckoning         Tloc           0%         N/A       75%         2
 Momentum Strike          Conj/Tloc      0%         3d8       75%         2
 Ignite Poison            Fire/Alch      0%         N/A       100%        4
 Freezing Cloud           Conj/Ice/Air   0%         6-21      100%        5


Dungeon Overview and Level Annotations

Branches:
Dungeon (6/15)             Temple (1/1) D:4

Altars:
Ashenzari
Cheibriados
Dithmenos
Elyvilon
Fedhas
Gozag
Hepliaklqana
Kikubaaqudgha
Makhleb
Nemelex Xobeh
Okawaru
Qazlal
Ru
Sif Muna
Trog
Uskayaw
Vehumet
Wu Jian
Xom
Yredelemnul
Zin
The Shining One

Shops:
D:3 ([!   D:4 *:*?(?


Innate Abilities, Weirdness & Mutations

You can wield a second weapon in your off-hand.
It takes a long time for you to wield or remove held weapons.
Your first few attacks do less damage.
You cannot equip rings or amulets.


Message History

You hit the orc warrior with your +0 long sword.
The orc warrior barely misses you.
You hit the orc warrior with your +2 vampiric short sword.
The orc warrior is heavily wounded.
You hit the orc warrior with your +0 long sword.
The orc warrior hits you with a +0 dire flail.
You barely miss the orc warrior with your +2 vampiric short sword.
The orc warrior is heavily wounded.
You closely miss the orc warrior with your +0 long sword.
The orc warrior hits you with a +0 dire flail!!
You hear a shout!
You hit the orc warrior but do no damage.
The orc warrior is heavily wounded.
You closely miss the orc warrior with your +2 vampiric short sword.
You hear a shout!
The orc warrior misses you.
You closely miss the orc warrior with your +2 vampiric short sword.
The orc warrior is heavily wounded.
You hit the orc warrior but do no damage.
An orc comes into view. It is wielding a +0 flail.
The orc warrior hits you with a +0 dire flail!
You closely miss the orc warrior with your +2 vampiric short sword.
The orc warrior is heavily wounded.
You slash the orc warrior with your +0 long sword!
The orc warrior hits you with a +0 dire flail!
You completely miss the orc warrior with your +2 vampiric short sword.
The orc warrior is almost dead.
You hit the orc warrior but do no damage.
The orc warrior closely misses you.
You hit the orc warrior but do no damage.
The orc warrior is severely wounded.
You hit the orc warrior with your +2 vampiric short sword.
The orc warrior hits you with a +0 dire flail!
* * * LOW HITPOINT WARNING * * *
You hit the orc warrior but do no damage.
The orc warrior is almost dead.
You hit the orc warrior with your +2 vampiric short sword.
You feel better.
The orc warrior hits you with a +0 dire flail!
You die...

#...........###.#.
#.###.###.#.##.###
## #.# #.#
#.#.#...#. .#
#.###.###.#
#.#......# ...
#.....!...#
#.......## #
#####.#####
######.## #.# #.#
#.# #.# #@# ##'##
#o# ##...## #o#
##.....# # #..
##....... # ###
#........ +
+........ #
#........
##....... ##.....#


You could see an orc warrior and an orc.

Vanquished Creatures
  Eustachio (D:4)
  Edmund (D:4)
  An ice beast (D:6)
  2 black bears
  2 orc warriors (D:6)
  A phantom (D:4)
  A bullfrog (D:4)
  Blork the orc (D:6)
  A kobold brigand (D:6)
  4 wights (D:5)
  A bombardier beetle (D:5)
  3 orc priests
  2 hounds
  6 iguanas
  5 orc wizards
  A mummy (D:5)
  6 adders
  A ribbon worm (D:3)
  2 dart slugs (D:4)
  24 orcs
  6 ball pythons
  6 bats
  4 endoplasms
  3 giant cockroaches
  8 goblins
  7 hobgoblins
  3 jackals (D:5)
  3 quokkas (D:1)
  4 frilled lizards
  15 kobolds
  9 rats
134 creatures vanquished.

Notes
Turn   | Place    | Note
-------+----------+-------------------------------------------
     0 | D:1      | Revguard the Coglin Gladiator began the quest for the Orb.
     0 | D:1      | Reached XP level 1. HP: 16/16 MP: 1/1
    53 | D:1      | Reached XP level 2. HP: 15/22 MP: 2/2
   379 | D:1      | Reached skill level 1 in Evocations
   379 | D:1      | Reached XP level 3. HP: 27/27 MP: 3/3
  1171 | D:2      | You fall into a shaft and drop 2 floors!
  1238 | D:3      | Reached skill level 1 in Armour
  1562 | D:2      | Reached skill level 1 in Stealth
  1607 | D:2      | Reached XP level 4. HP: 34/34 MP: 4/4
  1923 | D:3      | Noticed a sky beast
  1977 | D:3      | Found Linkuapp's Distillery.
  2048 | D:3      | Bought a potion of curing for 30 gold pieces
  2196 | D:3      | Found Wabluuk's Weapon Shoppe.
  2381 | D:3      | Found Olugaaf's Antique Armour Boutique.
  2474 | D:3      | Reached XP level 5. HP: 30/39 MP: 5/5
  2483 | D:3      | Reached skill level 4 in Long Blades
  2828 | D:4      | Reached XP level 6. HP: 47/47 MP: 6/6
  2837 | D:4      | Noticed Edmund
  2869 | D:4      | Killed Edmund
  2882 | D:4      | Reached XP level 7. HP: 22/52 MP: 7/7
  3143 | D:4      | Found Bucei's Magic Scroll Boutique.
  3150 | D:4      | Bought a scroll of identify for 24 gold pieces
  3242 | D:4      | Found Zoanwent's Magic Scroll Shop.
  3303 | D:4      | Noticed Eustachio
  3304 | D:4      | Found Necrur's Elemental Accessories.
  3321 | D:4      | Killed Eustachio
  3322 | D:4      | Reached skill level 5 in Long Blades
  3334 | D:4      | Found Idu Ovin's Book Emporium.
  3449 | D:4      | Found a staircase to the Ecumenical Temple.
  3452 | D:4      | Found Xeaviyv's Assorted Antiques.
  3459 | Temple   | Entered the Ecumenical Temple
  3583 | Temple   | Became a worshipper of the Wu Jian Council
  3862 | D:4      | Found Ciareupn's Weapon Shop.
  3915 | D:5      | Entered Level 5 of the Dungeon
  4248 | D:5      | Found a shimmering altar of Xom.
  4251 | D:5      | Found an ancient bone altar of Kikubaaqudgha.
  4253 | D:5      | Found a snail-covered altar of Cheibriados.
  4258 | D:5      | Found a sparkling altar of Nemelex Xobeh.
  4375 | D:5      | HP: 3/69 [wight/+0 battleaxe (1)]
  4378 | D:5      | Reached XP level 8. HP: 5/56 MP: 8/8
  5239 | D:6      | Reached skill level 6 in Long Blades
  5407 | D:6      | Reached * piety under Wu Jian
  5470 | D:6      | Noticed Blork the orc
  5473 | D:6      | Killed Blork the orc
  5544 | D:6      | Reached skill level 5 in Evocations
  5679 | D:6      | Reached XP level 9. HP: 62/66 MP: 9/9
  5925 | D:6      | Slain by an orc warrior

Illustrated notes

Levels and vault maps discovered:
D:1:      lightli_arrival_statue_moat, layout_loops_corners,
          chequers_serial_rivers_small_3, chequers_avenue
D:2:      layout_loops_ring, grunt_decor_resistance, hex_large
D:3:      layout_basic, serial_shops, shop, nicolae_shop_tiny_waterfront, shop,
          palyth_stone_intersect, lightli_corner_chamber
D:4:      layout_gridville, minmay_temple_entry_glass, serial_shops,
          nicolae_shop_hallway_plus, shop, shop_fountains, shop,
          nicolae_shop_statue_plus, nicolae_elemental_shop,
          kennysheep_small_circle, uniq_edmund, uniq_eustachio
D:5:      layout_loops_cross, nicolae_overflow_macrodata_refinement,
          gup_ossuary_entry_pyramid
D:6:      layout_loops_corners, uniq_crazy_yiuf_cottage, uniq_blork_the_orc
Temple:   nicolae_temple_bog_church

Skill      XL: |  1  2  3  4  5  6  7  8 |
---------------+-------------------------+-----
Evocations     | 1 2 3 4 5 |  5.4
Armour         | 1 2 3 |  3.7
Stealth        | 1 2 3 |  3.8
Dodging        | 3 4 |  4.6
Long Blades    | 4 5 6 |  6.7
Fighting       | 3 4 |  4.8
Throwing       | |  1.7

Action                     |  1- 3 |  4- 6 |  7- 9 || total
---------------------------+-------+-------+-------++-------
  Melee: Long sword        |    73 |    98 |   228 ||   399
         Dagger            |    29 |    28 |    38 ||    95
         Short sword       |    40 |    60 |   171 ||   271
  Throw: Throwing net      |       |     3 |       ||     3
Ability: Lunge             |       |       |    18 ||    18
         Whirlwind         |       |       |    12 ||    12
  Evoke: Wand              |       |       |     2 ||     2
    Use: Potion            |       |     3 |     4 ||     7
         Scroll            |       |       |    12 ||    12
   Stab: Held in net/web   |       |     3 |       ||     3
         Sleeping          |       |       |     4 ||     4
         Distracted        |       |       |     1 ||     1
 Armour: Leather armour    |    33 |       |       ||    33
         Scale mail        |    35 |    80 |       ||   115
         Ring mail         |       |       |   133 ||   133
         Skin              |       |       |     4 ||     4
  Dodge: Dodged            |    49 |    47 |   110 ||   206

Table legend: (Time is in decaauts)
 A = Elapsed time spent in this place.
 B = Non-inter-level travel time spent in this place.
 C = Inter-level travel time spent in this place.
 D = Time resting spent in this place.
 E = Time spent auto-exploring this place.
 F = Levels seen in this place.
 G = Mean time per level.
                   A        B        C        D        E       F      G
               +--------+--------+--------+--------+--------+-----+--------+
         Total |   5926 |   5762 |    164 |    248 |   4320 |   7 |  846.6 |
       Dungeon |   5790 |   5636 |    154 |    148 |   4320 |   6 |  965.0 |
        Temple |    136 |    126 |     10 |    100 |      0 |   1 |  136.0 |
               +--------+--------+--------+--------+--------+-----+--------+

Top non-repeatable levels by time:
     D:5: 1310 daAuts
     D:1: 1043 daAuts
     D:3: 1041 daAuts
     D:4: 1014 daAuts
     D:6: 693 daAuts
     D:2: 686 daAuts
  Temple: 136 daAuts
